 Dungeon Crawl Stone Soup version 0.31-a0-345-g1ebeae05c6 (webtiles) character file.

Game seed: 14564357870493978327

37 hashsling the Grasshopper (level 3, -3/28 HPs)
             Began as a Human Warper on July 23, 2023.
             Slain by Sigmund
             ... wielding a +1 scythe of flaming
              (5 damage)
             ... on level 2 of the Dungeon.
             The game lasted 00:08:42 (949 turns).

hashsling the Grasshopper (Human Warper)             Turns: 949, Time: 00:08:43

Health: -3/28      AC:  5    Str: 13    XL:     3   Next: 62%
Magic:  6/6        EV: 11    Int: 13    God:
Gold:   50         SH:  0    Dex: 12    Spells: 6/6 levels left

rFire   . . .        a - +0 spear
rCold   . . .        (no shield)
rNeg    . . .        i - +0 ring mail
rPois   .            (no helmet)
rElec   .            (no cloak)
rCorr   .            (no gloves)
SInv    .            (no boots)
Will    .....        (no amulet)
Stlth   +            (no ring)
HPRegen 0.24/turn    (no ring)
MPRegen 0.10/turn

%: no passive effects
@: no status effects
A: no striking features
a: no special abilities


You were on level 2 of the Dungeon.
You visited 1 branch of the dungeon, and saw 2 of its levels.

You collected 50 gold pieces.

Inventory:

Hand Weapons
 a - a +0 spear (weapon)
Missiles
 e - 14 stones (quivered)
Armour
 i - a +0 ring mail (worn)
Scrolls
 b - a scroll of identify {unknown}
 c - a scroll of blinking
 g - a scroll of noise {unknown}
 h - a scroll of teleportation {unknown}
Potions
 f - a potion of curing {unknown}


   Skills:
 * Level 2.3 Fighting
 * Level 2.3 Polearms
 - Level 1.1 Throwing
 * Level 1.5 Armour
 * Level 2.3 Dodging
 + Level 2.3 Spellcasting
 + Level 3.1 Translocations


You had 6 spell levels left.
You didn't know any spells.
Your spell library contained the following spells:

 Spells                   Type           Power      Damage    Failure   Level
 Blink                    Tloc           18%        N/A       22%         2
 Lesser Beckoning         Tloc           18%        N/A       22%         2
 Teleport Other           Tloc           9%         N/A       41%         3
 Vhi's Electric Charge    Tloc/Air       10%        N/A       63%         3
 Manifold Assault         Tloc           9%         N/A       82%         4
 Arcjolt                  Conj/Air       0%         1d10      100%        5
 Maxwell's Capacitive Co  Air            0%         ∞         100%        8


Dungeon Overview and Level Annotations

Branches:
Dungeon (2/15)

Altars:

Annotations:
D:2 Sigmund


Message History

Sigmund appears from thin air!
Reactivating autopickup.
Sigmund gestures at you while chanting. You resist with significant effort.
Sigmund casts a spell.
Sigmund flickers and vanishes!
Deactivating autopickup; reactivate with Ctrl-A.
You see here a +0 ring mail.
You see here Maxwell's Memoranda.
You pick up Maxwell's Memoranda and begin reading...
You add the spells Arcjolt and Maxwell's Capacitive Coupling to your library.
Okay, then.
A puff of flame appears from out of thin air!
The puff of flame hits you.
This spell is astonishingly dangerous to cast!
Memorise Vhi's Electric Charge, consuming 3 spell levels and leaving 3?
A magic dart appears from out of thin air!
Your memorisation is interrupted.
The magic dart hits you.
Throw: 17 stones
Press: ? - help, Q - select action Shift-Dir - straight line You throw a stone.
Throw: 16 stones
Press: ? - help, Q - select action Shift-Dir - straight line You throw a stone.
Throw: 15 stones
Press: ? - help, Q - select action Shift-Dir - straight line You throw a stone.
Something hits you. Something burns you.
You are too injured to fight recklessly!
Something hits you. Something burns you.
You hit something. Your punch misses something. You barely miss something.
Something hits you!
* * * LOW HITPOINT WARNING * * *
Something burns you.
* * * LOW HITPOINT WARNING * * *
You hit something. Something hits you but does no damage.
You hit something. You hit something. Something hits you but does no damage.
You hit something. Something hits you.
You die...

############.##
##.#
#..######.####
##..#.......#.
###
####.......##
#.. #.......##
#.# #.......#
#.# #.......#
#.# ##########
#@# #.. #{#
##.. #.#
######... #.#
#####......##
#[#
##.....######
#.# #..#####
#.# #.## # #.#
#.# # ##.# #.#
#


There were no monsters in sight!

Vanquished Creatures
  An adder (D:2)
  4 ball pythons
  4 bats (D:1)
  4 endoplasms (D:1)
  A giant cockroach (D:1)
  3 goblins
  A hobgoblin (D:1)
  2 frilled lizards (D:1)
  3 kobolds
  4 rats
27 creatures vanquished.

Notes
Turn   | Place    | Note
-------+----------+-------------------------------------------
     0 | D:1      | hashsling the Human Warper began the quest for the Orb.
     0 | D:1      | Reached XP level 1. HP: 16/16 MP: 3/3
   209 | D:1      | Reached XP level 2. HP: 22/22 MP: 5/5
   519 | D:1      | Reached XP level 3. HP: 26/27 MP: 6/6
   890 | D:2      | Noticed Sigmund
   945 | D:2      | HP: 1/28 [something (4)]
   949 | D:2      | Slain by Sigmund

Illustrated notes

Levels and vault maps discovered:
D:1:      dpeg_arrival_lava_temple_mockup, layout_basic
D:2:      layout_rooms, amcnicky_mini_rare_corridor_liquid, minmay_crystal_room,
          chequers_serial_rivers_small_3, chequers_serial_rivers_micro_a,
          minmay_tall_x, uniq_sigmund

Action                     || total
---------------------------++-------
  Melee: Spear             ||    85
  Throw: Stone             ||    11
         Boomerang         ||     7
    Use: Scroll            ||     1
 Armour: Leather armour    ||     9
         Ring mail         ||    11
  Dodge: Dodged            ||    46

Table legend: (Time is in decaauts)
 A = Elapsed time spent in this place.
 B = Non-inter-level travel time spent in this place.
 C = Inter-level travel time spent in this place.
 D = Time resting spent in this place.
 E = Time spent auto-exploring this place.
 F = Levels seen in this place.
 G = Mean time per level.
                   A        B        C        D        E       F      G
               +--------+--------+--------+--------+--------+-----+--------+
         Total |    952 |    912 |     40 |      0 |    626 |   2 |  476.0 |
       Dungeon |    952 |    912 |     40 |      0 |    626 |   2 |  476.0 |
               +--------+--------+--------+--------+--------+-----+--------+

Top non-repeatable levels by time:
     D:1: 654 daAuts
     D:2: 297 daAuts
